 Dungeon Crawl Stone Soup version 0.22-a0-93-g6b88ebb (webtiles) character file.

966 sankara the Sneak (level 7, -8/57 HPs)
             Began as a Red Draconian Enchanter on Jan 24, 2018.
             Killed by nerve-wracking pain
             ... invoked by an orc priest
              (12 damage)
             ... on level 5 of the Dungeon.
             The game lasted 00:29:32 (6555 turns).

sankara the Sneak (Red Draconian Enchanter)         Turns: 6555, Time: 00:29:33

Health: -8/57      AC:  8    Str: 11    XL:     7   Next: 93%
Magic:  2/12       EV: 12    Int: 15    God:
Gold:   308        SH:  0    Dex: 13    Spells: 4/13 levels left

rFire    + + .     SeeInvis .   a - +2 dagger (pain)
rCold    + . .     Gourm    .   (no shield)
rNeg     . . .     Faith    .   (armour unavailable)
rPois    +         Spirit   .   (helmet restricted)
rElec    +         Reflect  .   (no cloak)
rCorr    +         Harm     .   (no gloves)
MR       .....                  (no boots)
Stlth    +++.......             j - amulet of regeneration
HPRegen  0.59/turn              m - ring of wizardry
MPRegen  0.13/turn              o - +2 ring of protection

@: about to teleport, resistant, slowed, very slow
A: breathe fire, unfitting armour, hooves 1, fire resistance 1, mutation
resistance 1, cold-blooded, subdued magic 1, AC +6
a: Breathe Fire


You were on level 5 of the Dungeon.
You were not hungry.

You visited 1 branch of the dungeon, and saw 5 of its levels.
You also visited: Ossuary.

You collected 308 gold pieces.

Inventory:

Hand Weapons
 a - a +2 dagger of pain (weapon)
 e - a +0 falchion
 p - a cursed -1 whip
Missiles
 h - 112 stones (quivered)
Magical Staves
 b - an uncursed staff of power
Jewellery
 g - a +6 ring of strength
 i - an uncursed ring of wizardry
 j - an amulet of regeneration (around neck)
 m - a ring of wizardry (left hand)
 o - a +2 ring of protection (right hand)
 x - an uncursed ring of ice {unknown}
Wands
 w - a wand of scattershot (4)
Scrolls
 d - a scroll of teleportation
 k - a scroll of amnesia
 n - 6 scrolls of random uselessness {unknown}
 s - 5 scrolls of immolation
 u - a scroll of remove curse
Potions
 f - 10 potions of curing
 l - 3 potions of mutation
 t - a potion of might
Books
 r - a book of Maledictions

   Spells                             Type                      Level
   a - Corona                         Hexes                        1
   b - Ensorcelled Hibernation        Hexes/Ice                    2
   c - Confuse                        Hexes                        3
   d - Tukima's Dance                 Hexes                        3
   e - Dazzling Spray                 Conjuration/Hexes            3
Comestibles
 c - 4 rations
 v - a chunk of flesh


   Skills:
 + Level 3.1 Fighting
 - Level 1.0(2.0) Short Blades
 + Level 2.8(2.9) Long Blades
 - Level 1.7 Dodging
 + Level 5.6 Stealth
 - Level 3.9 Spellcasting
 + Level 5.2 Hexes


You had 4 spell levels left.
You knew the following spells:

 Your Spells              Type           Power        Failure   Level  Hunger
a - Corona                Hex            ##.....      1%          1    None
b - Ensorcelled Hibernat  Hex/Ice        #.....       3%          2    ##.....
c - Confuse               Hex            ##......     1%          3    ###....
d - Tukima's Dance        Hex            ##......     1%          3    ###....


Dungeon Overview and Level Annotations

Branches:
Dungeon (5/15)
 Temple: D:4-7

Altars:
Ashenzari
Cheibriados
Wu Jian
Beogh


Innate Abilities, Weirdness & Mutations

You can breathe blasts of fire.
Your fiery red scales are hard. (AC +6)
You cannot fit into any form of body armour.
Your flesh is heat resistant. (rF+)
You are cold-blooded and may be slowed by cold attacks.
You have large cloven feet.
You are somewhat resistant to further mutation.
Your spells are a little easier to cast, but a little less powerful.


Message History

The orc wizard blinks!
The orc priest barely misses you.
You feel better.
The orc priest hits you with a hand axe.
* * * LOW HITPOINT WARNING * * *
The orc wizard closely misses you.
The orc priest hits you but does no damage.
You hit the orc priest.
You kick the orc priest, but do no damage.
The orc priest is heavily wounded.
The orc wizard is no longer moving quickly.
The orc wizard closely misses you. The orc wizard casts a spell at you.
The magic dart hits you!
* * * LOW HITPOINT WARNING * * *
The orc wizard mumbles some strange words.
The orc wizard flickers and vanishes!
Deactivating autopickup; reactivate with Ctrl-A.
The orc priest mumbles some strange prayers to Beogh against you.
Pain shoots through your body!
You die...

#........# **#........#
*,.........# *,.......#.#
############ *,.......#o#
#........... *,....####o#
#.########## **####* #.# #.#
#o#######.# #{o@o...#.#
#######.#)## ######....####
######...###......# #........#
#......# ####
#....#...###......###...
#.......................
#....................(..
#######.......................


You could see an orc priest, an orc wizard and an orc.

Vanquished Creatures
  A sky beast (D:4)
  An ogre (D:5)
  A centaur (D:5)
  2 crimson imps
  A centaur zombie (Ossuary)
  4 orc priests
  A centaur skeleton (D:5)
  2 human zombies (Ossuary)
  An iguana (D:5)
  Ijyb (D:5)
  4 orc wizards
  A worker ant (D:3)
  A big kobold zombie (Ossuary)
  A hound skeleton (D:4)
  3 mummies (Ossuary)
  2 adders
  3 adder skeletons
  A worm (D:3)
  2 dart slugs
  4 leopard geckos
  20 orcs
  2 bats (D:1)
  4 giant cockroaches
  A gnoll zombie (Ossuary)
  7 goblins
  7 hobgoblins
  6 kobolds
  6 quokkas
  2 ball pythons
  6 frilled lizards
  2 goblin zombies (Ossuary)
  An orc zombie (Ossuary)
  A quokka skeleton (D:4)
  3 rats
105 creatures vanquished.

Notes
Turn   | Place    | Note
-------+----------+-------------------------------------------
     0 | D:1      | sankara the Draconian Enchanter began the quest for the Orb.
     0 | D:1      | Reached XP level 1. HP: 14/14 MP: 3/3
   545 | D:1      | Reached XP level 2. HP: 3/20 MP: 5/5
  1064 | D:1      | Learned a level 2 spell: Ensorcelled Hibernation
  1968 | D:2      | Reached XP level 3. HP: 26/26 MP: 6/6
  2521 | D:3      | Learned a level 3 spell: Confuse
  3416 | D:3      | Reached XP level 4. HP: 33/33 MP: 3/8
  3875 | D:4      | Reached XP level 5. HP: 38/38 MP: 4/9
  4282 | D:4      | Reached XP level 6. HP: 15/45 MP: 11/11
  4505 | D:4      | Learned a level 3 spell: Tukima's Dance
  4522 | D:4      | Found a roughly hewn altar of Beogh.
  4896 | D:5      | Entered Level 5 of the Dungeon
  4896 | D:5      | Noticed a sky beast
  4941 | D:5      | Found an ornate altar of the Wu Jian Council.
  5100 | D:4      | Killed a sky beast
  5100 | D:4      | Reached skill level 1 in Fighting
  5203 | D:5      | Reached skill level 1 in Long Blades
  5230 | D:5      | Found a sand-covered staircase.
  5231 | D:5      | Noticed Ijyb
  5251 | D:5      | Your scales start taking on a fiery red colour.
  5251 | D:5      | Reached XP level 7. HP: 52/52 MP: 5/12
  5251 | D:5      | Gained mutation: Your flesh is heat resistant. (rF+) [Red Draconian growth]
  5320 | Ossuary  | Entered an ossuary
  5354 | Ossuary  | Reached skill level 5 in Stealth
  5440 | Ossuary  | HP: 2/53 [mummy (15)]
  5742 | D:5      | Killed Ijyb
  5914 | D:5      | Found a shattered altar of Ashenzari.
  5922 | D:5      | Reached skill level 5 in Hexes
  6454 | D:5      | Found a snail-covered altar of Cheibriados.
  6550 | D:5      | Gained mutation: Your spells are a little easier to cast, but a little less powerful. [potion of mutation]
  6550 | D:5      | Gained mutation: You have large cloven feet. [potion of mutation]
  6550 | D:5      | Gained mutation: You are somewhat resistant to further mutation. [potion of mutation]
  6555 | D:5      | Killed from afar by an orc priest

Vault maps used:
D:1:      lightli_arrival_maybe_door_vault, minmay_crystal_water
D:3:      minmay_misc_feat_x, kennysheep_generic_room_8
D:4:      kennysheep_orc_chapel
D:5:      cheibrodos_ashenzari_chains, overflow_temple_1_default,
          overflow_temple_1_default, overflow_temple_1_default, enter_ossuary_1,
          first_ration, grunt_ministairs_2, uniq_ijyb
Ossuary:  ossuary_crypta

Skill      XL: |  1  2  3  4  5  6  7 |
---------------+----------------------+-----
Stealth        | 3 4 5 |  5.6
Hexes          | 3 4 5 |  5.2
Spellcasting   | 3 |  3.9
Fighting       | 1 3 |  3.1
Long Blades    | 1 2 |  2.8
Short Blades   | |  1.0
Dodging        | |  1.7

Action                   |  1- 3 |  4- 6 |  7- 9 || total
-------------------------+-------+-------+-------++-------
Melee: Dagger            |   155 |   198 |   318 ||   671
       Tailslap          |    11 |    13 |    37 ||    61
       Kick              |       |       |     1 ||     1
 Cast: Corona            |     2 |     5 |       ||     7
       Ensorcelled Hiber |    20 |    36 |    17 ||    73
       Confuse           |       |       |     5 ||     5
  Use: Scroll            |     3 |     7 |     2 ||    12
       Potion            |       |     5 |     4 ||     9
 Stab: Sleeping          |    19 |    17 |    14 ||    50
       Confused          |       |       |     1 ||     1
  Eat: Chunk             |     9 |     7 |     7 ||    23
Armor: Skin              |    31 |    88 |    82 ||   201
Dodge: Dodged            |   107 |   112 |   133 ||   352

Table legend:
 A = Spawn XP
 B = Non-spawn XP
 C = Spawn XP percentage of total XP
 D = Spawn monster count
 E = Non-spawn monster count
 F = Spawn count percentage of total count
 G = Total turns spent on level
                    A         B        C        D         E        F      G
               +---------+---------+-------+---------+---------+-------+---------
         Total |       0 |    1380 |   0.0 |       0 |     105 |   0.0 |  6555
               +---------+---------+-------+---------+---------+-------+---------
           D:1 |       0 |      24 |   0.0 |       0 |      13 |   0.0 |  1625
           D:2 |       0 |      34 |   0.0 |       0 |      18 |   0.0 |   806
           D:3 |       0 |     124 |   0.0 |       0 |      19 |   0.0 |  1383
           D:4 |       0 |     460 |   0.0 |       0 |      24 |   0.0 |  1325
           D:5 |       0 |     527 |   0.0 |       0 |      20 |   0.0 |  1045
       Ossuary |       0 |     211 |   0.0 |       0 |      11 |   0.0 |   371
               +---------+---------+-------+---------+---------+-------+---------
